 Dungeon Crawl Stone Soup version 0.27-a0-978-g2aa4ecdaef (webtiles) character file.

Game seed: 14304146488502037122

298 tardwrangler69 the Digger (level 6, 0/45 HPs)
             Began as a Draconian Earth Elementalist on Apr 14, 2021.
             Succumbed to a water moccasin's poison
             ... on level 4 of the Dungeon.
             The game lasted 00:03:49 (4838 turns).

tardwrangler69 the Digger (DrEE)                    Turns: 4838, Time: 00:03:50

Health: 0/45       AC:  7    Str: 11    XL:     6   Next: 13%
Magic:  20/20      EV: 12    Int: 17    God:
Gold:   131        SH:  0    Dex: 11    Spells: 6/12 levels left

rFire    . . .     SeeInvis .   s - +2 dagger (speed)
rCold    . . .     Faith    .   (no shield)
rNeg     . . .     Spirit   .   (armour unavailable)
rPois    .         Reflect  .   (helmet restricted)
rElec    .         Harm     .   (no cloak)
rCorr    .         Rampage  .   k - +0 pair of gloves
Will     .....                  (no boots)
Stlth    ++........             (no amulet)
HPRegen  0.15/turn              g - ring of magical power
MPRegen  0.17/turn              (no ring)

@: lethally poisoned (0 -> -18)
A: AC +6, unfitting armour, cold-blooded
a: no special abilities


You were on level 4 of the Dungeon.
You visited 1 branch of the dungeon, and saw 4 of its levels.

You collected 131 gold pieces.

Inventory:

Hand Weapons
 s - a +2 dagger of speed (weapon)
Missiles
 b - 104 stones
Armour
 k - a +0 pair of gloves (worn)
Jewellery
 g - a ring of magical power (left hand)
 o - an amulet of magic regeneration
Scrolls
 c - a scroll of magic mapping {unknown}
 d - 3 scrolls of identify {unknown}
 h - a scroll of fear {unknown}
 i - a scroll of brand weapon {unknown}
 l - 4 scrolls of teleportation {unknown}
 m - 3 scrolls of torment {unknown}
 n - a scroll of silence {unknown}
 p - a scroll of enchant weapon {unknown}
 r - a scroll of acquirement {unknown}
Potions
 e - a potion of flight {unknown}
 q - 2 potions of brilliance {unknown}


   Skills:
 - Level 1.7 Dodging
 - Level 1.7 Stealth
 + Level 3.7 Spellcasting
 - Level 1.0 Transmutations
 * Level 5.9 Earth Magic


You had 6 spell levels left.
You knew the following spells:

 Your Spells              Type           Power      Damage    Failure   Level
a - Sandblast             Erth           46%        2d11      1%          1
b - Stone Arrow           Conj/Erth      26%        3d8       14%         3
c - Passwall              Tmut/Erth      12%        N/A       6%          2

Your spell library contained the following spells:

 Spells                   Type           Power      Damage    Failure   Level
 Animate Skeleton         Necr           6%         N/A       16%         1
 Pain                     Necr           12%        1d4       16%         1
 Petrify                  Tmut/Erth      15%        N/A       36%         4
 Lee's Rapid Deconstruct  Erth           11%        3d9*      36%         5
 Vampiric Draining        Necr           1%         2d6       43%         3
 Animate Dead             Necr           1%         N/A       85%         4
 Agony                    Necr           3%         N/A       99%         5


Dungeon Overview and Level Annotations

Branches:
Dungeon (4/15)
 Temple: D:4-7

Altars:
Xom

Shops:
D:1 =


Innate Abilities, Weirdness & Mutations

Your plain brown scales are hard. (AC +6)
You cannot fit into any form of body armour.
You are cold-blooded and may be slowed by cold attacks.


Message History

You feel very sick. The water moccasin barely misses you. The phantom hits you.
Casting: Sandblast (safe; 1% risk of failure)
Confirm with . or Enter, or press ? or * to list all spells.
Aiming: Sandblast (safe; 1% risk of failure)
Press: ? - help, Shift-Dir - straight line, f/p - phantom
Aim: a phantom (almost destroyed, 27% to evade)
The blast of sand misses the phantom.
You feel sick. The water moccasin barely misses you. The phantom hits you.
The water moccasin closely misses you.
Casting: Sandblast (safe; 1% risk of failure)
Confirm with . or Enter, or press ? or * to list all spells.
Aiming: Sandblast (safe; 1% risk of failure)
Press: ? - help, Shift-Dir - straight line, f/p - phantom
Aim: a phantom (almost destroyed, 27% to evade)
The blast of sand hits the phantom!
You destroy the phantom!
You feel sick. The water moccasin barely misses you.
You have reached level 6!
Your experience leads to an increase in your attributes!
Increase (S)trength, (I)ntelligence, or (D)exterity?
You feel clever.
Your scales feel tougher.
Casting: Sandblast (safe; 1% risk of failure)
Confirm with . or Enter, or press ? or * to list all spells.
Aiming: Sandblast (safe; 1% risk of failure)
Press: ? - help, Shift-Dir - straight line, f - water moccasin
Aim: a water moccasin (32% to evade)
The blast of sand hits the water moccasin but does no damage.
You feel sick. The water moccasin bites you!
* * * LOW HITPOINT WARNING * * *
The water moccasin bites you.
* * * LOW HITPOINT WARNING * * *
You are lethally poisoned!
The water moccasin poisons you!
It was a potion of magic.
Magic courses through your body.
* * * LOW HITPOINT WARNING * * *
You feel very sick. The water moccasin barely misses you.
It was a potion of cancellation.
You feel magically purged.
You die...

#.#
#.########
#..).....#
##.#.....#
#..#######
#...# ..
#.#.##B# #
#.#..#S#..#
#....@...#
###.)........
###########


You could see a water moccasin and a giant cockroach.

Vanquished Creatures
  A phantom (D:4)
  A jelly (D:3)
  An orc priest (D:4)
  A centaur skeleton (D:4)
  A hound skeleton (D:4)
  3 gnolls (D:4)
  An adder (D:3)
  2 worms
  2 dart slugs
  5 orcs (D:4)
  4 endoplasms
  3 giant cockroaches (D:1)
  10 goblins
  12 hobgoblins
  5 jackals (D:3)
  3 kobolds
  4 quokkas (D:1)
  5 ball pythons
  5 bats
  2 frilled lizards
  4 rats
75 creatures vanquished.

Notes
Turn   | Place    | Note
-------+----------+-------------------------------------------
     0 | D:1      | tardwrangler69 the Draconian Earth Elementalist began the
                  | quest for the Orb.
     0 | D:1      | Reached XP level 1. HP: 14/14 MP: 3/3
   210 | D:1      | Found a faded altar of an unknown god.
   706 | D:1      | Reached XP level 2. HP: 1/20 MP: 3/5
  1536 | D:1      | Found Cuesehab's Jewellery Boutique.
  2027 | D:1      | Reached XP level 3. HP: 23/26 MP: 6/6
  2447 | D:2      | Reached skill level 4 in Earth Magic
  2867 | D:2      | Found a shimmering altar of Xom.
  3684 | D:3      | Reached XP level 4. HP: 15/33 MP: 8/8
  4162 | D:3      | Learned a level 3 spell: Stone Arrow
  4165 | D:3      | Learned a level 2 spell: Passwall
  4247 | D:4      | Reached skill level 5 in Earth Magic
  4249 | D:4      | Reached XP level 5. HP: 38/38 MP: 9/9
  4829 | D:4      | Noticed a phantom
  4830 | D:4      | Noticed a water moccasin
  4835 | D:4      | Killed a phantom
  4836 | D:4      | Reached XP level 6. HP: 17/45 MP: 11/11
  4838 | D:4      | Succumbed to a water moccasin's poison

Illustrated notes

Levels and vault maps discovered:
D:1:      dpeg_arrival_pond, layout_loops_corners, serial_shops, shop_fountains,
          chequers_ecumenical_altar_simple_redux, st_stairs_2
D:2:      layout_loops_ring, basic_altar
D:3:      layout_rooms
D:4:      layout_loops_ring, nicolae_hepliaklqana_hippocampus,
          minmay_divided_ellipse, uniq_pikel

Skill      XL: |  1  2  3  4 |
---------------+-------------+-----
Earth Magic    | 4 5 |  5.9
Spellcasting   | 3 |  3.7
Dodging        | |  1.7
Stealth        | |  1.7
Transmutations | |  1.0

Action                   |  1- 3 |  4- 6 || total
-------------------------+-------+-------++-------
Melee: Unarmed           |    75 |       ||    75
       Tailslap          |    22 |     7 ||    29
       Dagger            |   168 |    76 ||   244
 Cast: Sandblast         |    17 |    26 ||    43
  Use: Potion            |       |     2 ||     2
 Stab: Sleeping          |     3 |     3 ||     6
       Distracted        |     2 |       ||     2
Armor: Skin              |    70 |    21 ||    91
Dodge: Dodged            |   151 |    39 ||   190

Table legend: (Time is in decaauts)
 A = Elapsed time spent in this place.
 B = Non-inter-level travel time spent in this place.
 C = Inter-level travel time spent in this place.
 D = Time resting spent in this place.
 E = Time spent auto-exploring this place.
 F = Levels seen in this place.
 G = Mean time per level.
                   A        B        C        D        E       F      G
               +--------+--------+--------+--------+--------+-----+--------+
         Total |   4821 |   4714 |    107 |      0 |   4112 |   4 | 1205.2 |
       Dungeon |   4821 |   4714 |    107 |      0 |   4112 |   4 | 1205.2 |
               +--------+--------+--------+--------+--------+-----+--------+

Top non-repeatable levels by time:
     D:1: 2436 daAuts
     D:2: 956 daAuts
     D:3: 848 daAuts
     D:4: 579 daAuts
